 Dungeon Crawl Stone Soup version 0.29-a0-284-gf9362112df (webtiles) character file.

Game seed: 6267978029337317666

417 jmlagarto the Covered (level 6, -4/56 HPs)
             Began as a Minotaur Fighter on Mar 14, 2022.
             Was an Initiate of Yredelemnul.
             Slain by Prince Ribbit (13 damage)
             ... on level 5 of the Dungeon.
             The game lasted 00:04:00 (4611 turns).

jmlagarto the Covered (Minotaur Fighter)            Turns: 4611, Time: 00:04:03

Health: -4/56      AC:  7    Str: 23    XL:     6   Next: 61%
Magic:  5/5        EV:  9    Int:  5    God:    Yredelemnul [......]
Gold:   229        SH:  4    Dex:  9    Spells: 5/5 levels left

rFire   . . .      SeeInvis .   h - +2 hand axe (elec)
rCold   . . .      Faith    .   c - +0 buckler
rNeg    . . .      Spirit   .   b - +0 scale mail
rPois   .          Reflect  .   (helmet restricted)
rElec   .          Harm     .   (no cloak)
rCorr   .          Rampage  .   (no gloves)
Will    .....                   (no boots)
Stlth   ..........              (no amulet)
HPRegen 0.18/turn               (no ring)
MPRegen 0.09/turn               (no ring)

@: no status effects
A: horns 2, retaliatory headbutt
a: Renounce Religion, Recall Undead Harvest


You were on level 5 of the Dungeon.
You worshipped Yredelemnul.
Yredelemnul was noncommittal.
You visited 1 branch of the dungeon, and saw 5 of its levels.

You collected 229 gold pieces.

Inventory:

Hand Weapons
 a - a +0 flail
 h - a +2 hand axe of electrocution (weapon)
Missiles
 e - 9 javelins (quivered)
Armour
 b - a +0 scale mail (worn)
 c - a +0 buckler (worn)
Jewellery
 k - the ring "Leeg" {rElec Str+6 Int+3 Dex+3}
   (You found it on level 3 of the Dungeon)

   [ring of strength]

   Str:       It affects your strength (+6).
   Int:       It affects your intelligence (+3).
   Dex:       It affects your dexterity (+3).
   rElec:     It insulates you from electricity.
Wands
 m - a wand of charming (9)
Scrolls
 f - a scroll of fog {unknown}
 i - a scroll of fear {unknown}
 l - 2 scrolls of teleportation
 n - a scroll of enchant weapon {unknown}
 p - a scroll of noise {unknown}
 q - a scroll of identify
Potions
 d - 2 potions of might
 g - 2 potions of curing
 j - a potion of attraction {unknown}
 o - a potion of heal wounds {unknown}
 r - a potion of lignification {unknown}
 s - a potion of resistance {unknown}
 t - a potion of degeneration {unknown}


   Skills:
 + Level 5.0 Fighting
 + Level 2.2(3.3) Axes
 + Level 3.7(4.1) Maces & Flails
 + Level 6.0 Armour
 + Level 1.3 Dodging
 + Level 0.4 Stealth
 + Level 4.9 Shields


You had 5 spell levels left.
You didn't know any spells.
Your spell library contained the following spells:

 Spells                   Type           Power      Damage    Failure   Level
 Sandblast                Erth           0%         2d4       85%         1
 Summon Small Mammal      Summ           0%         N/A       85%         1
 Passwall                 Tmut/Erth      0%         N/A       94%         2
 Call Canine Familiar     Summ           0%         N/A       99%         3
 Stone Arrow              Conj/Erth      0%         3d7       99%         3
 Summon Guardian Golem    Hex/Summ       0%         N/A       99%         3
 Fulminant Prism          Conj/Hex       0%         3d6       100%        4
 Iskenderun's Mystic Bla  Conj/Tloc      0%         2d3       100%        4
 Lee's Rapid Deconstruct  Erth           0%         3d5*      100%        5


Dungeon Overview and Level Annotations

Branches:
Dungeon (5/15)
 Temple: D:4-7

Altars:
Yredelemnul

Annotations:
D:5 Prince Ribbit


Innate Abilities, Weirdness & Mutations

You have a pair of horns on your head.
You reflexively headbutt those who attack you in melee.


Message History

You miss Prince Ribbit. You headbutt Prince Ribbit!
Prince Ribbit is almost dead.
You block Prince Ribbit's attack. Prince Ribbit hits you!
* * * LOW HITPOINT WARNING * * *
You block Prince Ribbit's attack.
Prince Ribbit hops awkwardly around.
Prince Ribbit barely misses you. Prince Ribbit attacks as you move away!
Prince Ribbit hits you!
* * * LOW HITPOINT WARNING * * *
Prince Ribbit blinks!
You see here 17 stones.
There is a stone staircase leading up here.
You climb upwards.
There is a stone staircase leading down here.
HP restored.
Done exploring.
You climb downwards.
Level annotation: Prince Ribbit Prince Ribbit winks and puckers his lips.
Prince Ribbit hits you.
Prince Ribbit blinks!
There is a stone staircase leading up here.
Prince Ribbit hits you!
You miss Prince Ribbit. Prince Ribbit hits you.
Prince Ribbit barely misses you.
You slash Prince Ribbit!
Lightning courses through Prince Ribbit!
Prince Ribbit is heavily wounded.
Prince Ribbit hits you! x2
You completely miss Prince Ribbit. Your headbutt misses Prince Ribbit.
Prince Ribbit is heavily wounded.
Prince Ribbit closely misses you. You furiously retaliate!
You headbutt Prince Ribbit. You closely miss Prince Ribbit.
Your headbutt misses Prince Ribbit.
Prince Ribbit is severely wounded.
Prince Ribbit hits you!
* * * LOW HITPOINT WARNING * * *
Prince Ribbit hops awkwardly around.
Prince Ribbit hits you!
You die...
Your body rises from the dead as a mindless zombie.

##(......## #.........#
#.........# #.........#
#.........# ####.
#.....[...#######.....
#........)..........# .
#.........<...####..##.
#.....@<..###......?#..
#....F(...# #####......
#.........# #.#....
#####.......## #)#>.##
#..........## ##...##
#.......#### ##....#
#.......## ##.....###
#........########..#......
#....................ยง....


You could see Prince Ribbit.

Vanquished Creatures
  Sigmund (D:2)
  An ogre (D:5)
  2 iguanas
  An orc wizard (D:4)
  3 adders
  3 worms (D:2)
  A dart slug (D:3)
  9 orcs
  2 endoplasms (D:1)
  A giant cockroach (D:4)
  6 goblins (D:1)
  6 hobgoblins
  4 quokkas
  5 ball pythons
  5 bats
  3 frilled lizards
  4 kobolds
  5 rats
62 creatures vanquished.

Vanquished Creatures (others)
  11 fungi (D:4)
11 creatures vanquished.

Grand Total: 73 creatures vanquished

Notes
Turn   | Place    | Note
-------+----------+-------------------------------------------
     0 | D:1      | jmlagarto the Minotaur Fighter began the quest for the Orb.
     0 | D:1      | Reached XP level 1. HP: 19/19 MP: 0/0
   275 | D:1      | Reached XP level 2. HP: 21/27 MP: 1/1
   647 | D:1      | Reached skill level 4 in Armour
  1053 | D:2      | Reached XP level 3. HP: 33/33 MP: 2/2
  1303 | D:2      | Noticed Sigmund
  1318 | D:2      | Killed Sigmund
  1319 | D:2      | Reached skill level 5 in Armour
  1319 | D:2      | Reached XP level 4. HP: 7/41 MP: 3/3
  1319 | D:2      | Reached XP level 5. HP: 8/47 MP: 4/4
  1839 | D:2      | Reached skill level 1 in Dodging
  1925 | D:2      | Found a faded altar of an unknown god.
  2175 | D:2      | Prayed at the altar of an unknown god.
  2175 | D:2      | Became a worshipper of Yredelemnul the Dark
  2175 | D:2      | Reached * piety under Yredelemnul
  2325 | D:3      | Identified the ring "Leeg" {rElec Str+6 Int+3 Dex+3}
  2679 | D:3      | Reached skill level 1 in Axes
  3159 | D:4      | Reached XP level 6. HP: 49/55 MP: 5/5
  4090 | D:5      | Entered Level 5 of the Dungeon
  4102 | D:5      | Reached skill level 5 in Fighting
  4118 | D:5      | Reached skill level 6 in Armour
  4268 | D:5      | Noticed Prince Ribbit
  4308 | D:5      | HP: 2/56 [Prince Ribbit (8)]
  4611 | D:5      | Slain by Prince Ribbit

Illustrated notes

Levels and vault maps discovered:
D:1:      dpeg_arrival_round_a, layout_basic, minmay_tromino_v4_b
D:2:      layout_loops_corners, nicolae_ecumenical_lake_church, uniq_sigmund
D:3:      minmay_evil_eye, layout_loops_ring, minmay_tree_intersection,
          kennysheep_generic_room_11
D:4:      layout_basic, serial_aquarium, aquarium_bridge_square
          [aquarium_subvault_bridge, aquarium_subvault_wall,
          aquarium_subvault_wall, aquarium_subvault_bridge], aquarium_window_3,
          aquarium_window_corner, aquarium_window_2, aquarium_window_1,
          aquarium_view_2d
D:5:      layout_rooms, uniq_menkaure, uniq_prince_ribbit1

Skill      XL: |  1  2  3  4  5  6 |
---------------+-------------------+-----
Shields        | 4 |  4.9
Fighting       | 4 5 |  5.0
Armour         | 4 5 6 |  6.0
Maces & Flails | 3 |  3.7
Dodging        | 1 |  1.3
Axes           | 1 2 |  2.2
Stealth        | |  0.4

Action                   |  1- 3 |  4- 6 || total
-------------------------+-------+-------++-------
Melee: Flail             |    33 |       ||    33
       Headbutt          |     5 |    16 ||    21
       Hand axe          |    28 |    68 ||    96
  Use: Scroll            |       |     2 ||     2
Armor: Scale mail        |    24 |    21 ||    45
Dodge: Dodged            |    24 |    32 ||    56
Block: Buckler           |    16 |    16 ||    32

Table legend: (Time is in decaauts)
 A = Elapsed time spent in this place.
 B = Non-inter-level travel time spent in this place.
 C = Inter-level travel time spent in this place.
 D = Time resting spent in this place.
 E = Time spent auto-exploring this place.
 F = Levels seen in this place.
 G = Mean time per level.
                   A        B        C        D        E       F      G
               +--------+--------+--------+--------+--------+-----+--------+
         Total |   4644 |   4473 |    171 |      0 |   3968 |   5 |  928.8 |
       Dungeon |   4644 |   4473 |    171 |      0 |   3968 |   5 |  928.8 |
               +--------+--------+--------+--------+--------+-----+--------+

Top non-repeatable levels by time:
     D:4: 1388 daAuts
     D:2: 1249 daAuts
     D:1: 998 daAuts
     D:3: 779 daAuts
     D:5: 228 daAuts
